 Dungeon Crawl Stone Soup version 0.13-a0-2505-g5f0fbe2 (webtiles) character file.

229 4tharraofdagon the Practitioner (level 3, 0/30 HPs)
             Began as a Djinni Healer on July 23, 2013.
             Was a Believer of Elyvilon.
             Shot with an arrow by a centaur (8 damage)
             ... on Level 6 of the Dungeon.
             The game lasted 00:04:30 (624 turns).

4tharraofdagon the Practitioner (Djinni Healer)      Turns: 624, Time: 00:04:30

HP   0/30        AC  4     Str 13      XL: 3   Next: 76%
MP   0/0         EV 11     Int 17      God: Elyvilon [**....]
Gold 171         SH  0     Dex 12      Spells:  0 memorised,  2 levels left

Res.Fire  : + + +   See Invis. : .   h - +1 orc mace (crush)
Res.Cold  : x . .   Warding    : .   m - +1 orc leather armour
Life Prot.: + + +   Conserve   : .   (no shield)
Res.Poison: .       Res.Corr.  : .   (no helmet)
Res.Elec. : .       Clarity    : .   (no cloak)
Sust.Abil.: . .     Spirit.Shd : .   (no gloves)
Res.Mut.  : .       Stasis     : .   (boots unavailable)
Res.Rott. : .       Flight     : .   (no amulet)
Saprovore : . . .                    (no ring)
                                     (no ring)

@: brilliant, slightly contaminated, glowing, not resistant to hostile
enchantments, very unstealthy
A: no striking features
a: Lesser Healing, Lesser Self-Healing, Divine Protection, Purification,
Renounce Religion


You were on level 6 of the Dungeon.
You worshipped Elyvilon.
Elyvilon was most pleased with you.
You were not hungry.

You visited 1 branch of the dungeon, and saw 6 of its levels.

You collected 71 gold pieces.

Inventory:

Hand weapons
 e - a +0,+2 mace
 h - a +1,+1 orcish mace of crushing (weapon)
Armour
 a - a +1 robe
 m - a +1 orcish leather armour (worn)
Magical devices
 b - a wand of lightning (5)
Scrolls
 f - a scroll of identify {unknown}
 k - a scroll of curse weapon {unknown}
 l - a scroll of teleportation {unknown}
Jewellery
 g - an uncursed ring of flight
Potions
 d - a potion of speed {unknown}
 i - a potion of brilliance
 n - 2 potions of poison {unknown}


   Skills:
 + Level 2.4 Fighting
 * Level 1.6 Maces & Flails
 + Level 1.4 Armour
 - Level 1.7 Dodging
 + Level 4.4 Invocations


You had 2 spell levels left.
You didn't know any spells.

Dungeon Overview and Level Annotations

Branches:
Dungeon (6/27)
 Temple: D:4-7          Orc: D:6-11

Altars:


Message History

The bat hits you but does no damage.
Use which ability? (? or * to list)
Press: ? - help, Dir - move target cursor, f - bat Heal: a bat Elyvilon approves of your offer of peace.
The bat turns neutral.
Something barely misses the bat.
The bat closely misses something.
Something hits the bat.
The bat dies!
An orc comes into view. It is wielding an orcish trident.
The orc shouts!
An orc comes into view.
The centaur wields an uncursed bow.
The centaur shoots an arrow.
The arrow hits you!
* * * LOW HITPOINT WARNING * * *
The centaur shoots an arrow.
The arrow misses you.
Found a green potion.
You see here an arrow.
Unknown command.
The centaur shoots an arrow.
The arrow hits you!
You die...

##.### ......# ####
.......# #..g
#.......# ##.#
#.......# #g##
#!......# #...
#......(### ##### ####
#......@..# #.#..#.
###..#.#(.###.#..#. #
#.#...So.o...
#.#.####.#..#
..#.####.#..# ###
#..###.##?..#..# ##..
#......c....oS>####.§z
##.###.#####...S.?..#.
#.# #.######...


You could see a centaur, an adder and an orc.

Vanquished Creatures
  2 orcs
  3 giant cockroaches
  5 hobgoblins
  A bat (D:2)
11 creatures vanquished.

Vanquished Creatures (others)
  A giant frog (D:6)
  3 orcs (D:6)
  A bat (D:6)
  A giant newt (D:1)
  A goblin (D:3)
7 creatures vanquished.

Grand Total: 18 creatures vanquished

Notes
Turn   | Place    | Note
--------------------------------------------------------------
     0 | D:1      | 4tharraofdagon, the Djinni Healer, began the quest for the Orb.
     0 | D:1      | Reached XP level 1. HP: 16/16 MP: 0/0
    90 | D:2      | Reached XP level 2. EP: 18/23
   200 | D:2      | Reached skill level 1 in Armour
   348 | D:4      | Reached skill level 1 in Maces & Flails
   378 | D:5      | Entered Level 5 of the Dungeon
   518 | D:6      | Noticed a giant frog
   521 | D:6      | Pacified a giant frog
   521 | D:6      | Reached XP level 3. EP: 24/30
   582 | D:6      | Killed a giant frog
   594 | D:6      | Noticed a phantom
   596 | D:6      | Noticed a gnoll sergeant
   599 | D:6      | Noticed a phantom
   601 | D:6      | HP: 1/30 [phantom (9)]
   604 | D:6      | Noticed a centaur
   624 | D:6      | Shot with an arrow by a centaur

Action                   || total
-------------------------++-------
Melee: Unarmed           ||    11
       Mace              ||    31
Invok: Lesser Healing    ||    20
       Lesser Self-Heali ||     2
Evoke: Wand              ||     1
  Use: Potion            ||     3
       Scroll            ||     2
